Map: Néo-Gettysburg EC

Players

zidar

  • Race: Zerg Zerg
  • League: Platinum
  • Spawn Location: 5:00

rhadamanthe - Winner!

  • Race: Protoss Protoss
  • League: Platinum
  • Spawn Location: 7:00

VOD

Have the link to the VOD?

Description

Time

  • Played on: Nov. 1, 2016, 3:53 p.m.
  • Length: 17:27
Show
View Real Time Build Order
Export as new Build Order

zidar Zerg 

Build Orders: Hatch First, Lurkers 

Get SALT Encoding   

  12  0:02  Drone  
  13  0:13  Overlord  
  13  0:18  Drone  
  14  0:31  Drone x2  
  16  0:52  Hatchery  
  16  0:56  Drone  
  16  0:59  Extractor  
  15  1:09  Drone  
  16  1:20  Spawning Pool  
  16  1:24  Drone  
  16  1:33  Drone  
  16  1:39  Drone x2  
  19  2:08  Queen  
  20  2:09  Queen  
  20  2:12  Metabolic Boost  
  22  2:16  Zergling x2  
  22  2:18  Zergling x2  
  22  2:21  Zergling x2  
  25  2:30  Drone x2  
  27  2:47  Baneling Nest  
  27  2:51  Zergling x4  
  27  2:54  Overlord  
  26  3:40  Spore Crawler  
  24  3:43  Spore Crawler, Drone x6  
  24  3:45  Drone x6  
  33  4:24  Extractor  
  33  4:25  Lair  
  33  4:28  Extractor  
  33  4:29  Drone x5  
  36  4:31  Overlord  
  36  4:32  Overlord x3  
  36  4:44  Extractor  
  35  4:56  Drone  
  35  4:57  Drone x4  
  40  5:01  Drone x6  
  46  5:13  Roach Warren  
  45  5:22  Drone  
  46  5:35  Hydralisk Den  
  45  5:37  Zergling x8  
  49  5:57  Evolution Chamber  
  48  5:59  Evolution Chamber  
  47  6:11  Baneling  
  47  6:21  Hydralisk x2  
  47  6:25  Overlord x3  
  51  6:26  Overlord x2  
  51  6:38  Zerg Ground Armor Level 1  
  51  6:39  Zerg Missile Weapons Level 1  
  51  6:40  Hatchery  
  50  6:48  Hydralisk  
  50  6:49  Hydralisk x8  
  68  6:57  Lurker Den  
  68  7:02  Overseer  
  68  7:21  Roach x8  
  84  7:31  Drone  
  84  7:32  Drone x2  
  84  7:35  Overseer  
  87  7:51  Infestation Pit  
  87  7:52  Queen  
  87  7:54  Drone x7  
  87  7:57  Overlord  
  95  8:00  Overlord  
  95  8:09  Drone x2  
  97  8:16  Glial Reconstitution  
  97  8:24  Hydralisk x4  
  105  8:32  Lurker  
  105  8:33  Lurker x5  
  111  8:42  Spore Crawler  
  111  8:46  Drone x4  
  114  8:50  Overlord x3  
  114  8:53  Overlord  
  114  9:06  Zerg Ground Armor Level 2, Zerg Missile Weapons Level 2  
  114  9:12  Hive  
  114  9:22  Roach  
  114  9:23  Roach x5  
  126  9:31  Drone x3  
  126  9:32  Drone x5  
  126  9:37  Extractor  
  133  9:41  Extractor  
  132  9:46  Overseer  
  132  9:48  Drone x2  
  134  10:06  Hydralisk x6  
  146  10:15  Hatchery  
  145  10:33  Overlord x3  
  145  10:36  Overseer  
  145  11:01  Drone  
  146  11:04  Overlord  
  146  11:05  Overlord x3  
  146  11:07  Overlord  
  146  11:17  Adrenal Glands  
  146  11:19  Spire  
  146  11:22  Centrifical Hooks  
  145  11:30  Hydralisk x10  
  165  11:36  Lurker x3  
  168  11:43  Pneumatized Carapace  
  168  12:07  Roach x12  
  191  12:49  Overlord x3  
  132  13:49  Hydralisk x16  
  132  13:50  Hydralisk x4  
  132  13:52  Roach x3  
  113  14:14  Hydralisk x2  
  113  14:15  Hydralisk x15  
  145  14:26  Lurker x3  
  148  14:35  Lurker  
  148  14:38  Lurker  
  151  14:45  Lurker  
  151  14:52  Zergling x12  
  157  14:53  Zergling x14  
  164  15:01  Overseer  
  164  15:11  Overseer  
  164  15:36  Roach x3  
  164  15:37  Roach x9  
  164  15:41  Lurker  
  164  15:42  Lurker x2  
  190  16:13  Lurker x4  
  190  16:14  Lurker  
Show
View Real Time Build Order
Export as new Build Order

rhadamanthe Protoss - Winner!

Build Orders: Oracle Opening 

Get SALT Encoding   

  12  0:01  Probe (Chrono Boost)  
  13  0:12  Probe (Chrono Boost)  
  14  0:24  Pylon  
  14  0:26  Probe (Chrono Boost)  
  15  0:42  Probe (Chrono Boost)  
  16  0:49  Gateway  
  16  0:52  Probe (Chrono Boost), Assimilator  
  17  0:57  Assimilator  
  17  1:03  Probe (Chrono Boost)  
  18  1:13  Probe (Chrono Boost)  
  19  1:24  Probe (Chrono Boost)  
  20  1:41  Cybernetics Core  
  20  1:47  Probe (Chrono Boost)  
  20  1:48  Pylon  
  21  1:58  Probe (Chrono Boost)  
  22  2:13  Probe (Chrono Boost)  
  22  2:15  Nexus  
  23  2:23  Stargate  
  23  2:31  Mothership Core (Chrono Boost)  
  25  2:42  Pylon  
  25  2:46  Warp Gate (Chrono Boost)  
  25  2:49  Probe (Chrono Boost)  
  26  3:03  Probe (Chrono Boost), Forge  
  27  3:09  Oracle (Chrono Boost)  
  30  3:17  Probe  
  31  3:29  Probe  
  32  3:38  Gateway  
  32  3:43  Probe  
  32  3:45  Probe  
  34  3:54  Probe  
  34  3:56  Photon Cannon  
  34  3:57  Probe  
  34  4:00  Pylon  
  36  4:04  Probe  
  36  4:09  Probe  
  38  4:15  Probe  
  39  4:21  Probe  
  40  4:24  Phoenix  
  40  4:25  Probe  
  40  4:28  Pylon  
  43  4:33  Probe  
  43  4:36  Probe  
  45  4:38  Robotics Facility  
  45  4:45  Probe  
  46  4:46  Probe, Assimilator  
  46  4:49  Phoenix (Chrono Boost)  
  49  5:06  Assimilator  
  49  5:11  Protoss Air Weapons Level 1  
  49  5:13  Phoenix (Chrono Boost)  
  51  5:17  Photon Cannon  
  51  5:18  Pylon  
  51  5:25  Warp Prism (Chrono Boost), Photon Cannon  
  51  5:28  Probe  
  53  5:29  Probe  
  55  5:37  Protoss Shields Level 1  
  55  5:38  Probe  
  55  5:40  Phoenix  
  55  5:41  Probe  
  59  5:49  Probe  
  59  5:53  Probe  
  61  5:59  Probe  
  62  6:28  Nexus  
  62  6:30  Pylon  
  62  6:31  Probe, Pylon  
  63  6:32  Probe  
  64  6:40  Robotics Bay  
  64  6:42  Robotics Facility, Probe  
  64  6:43  Pylon  
  64  6:45  Probe, Pylon  
  66  6:52  Probe  
  67  6:57  Probe  
  68  7:03  Probe  
  69  7:09  Probe  
  69  7:12  Nexus  
  70  7:17  Pylon  
  70  7:21  Probe, Pylon  
  71  7:25  Assimilator  
  71  7:29  Assimilator  
  71  7:40  Probe  
  72  7:50  Colossus (Chrono Boost)  
  72  7:51  Probe  
  84  7:52  Extended Thermal Lance  
  84  7:55  Colossus (Chrono Boost)  
  84  7:56  Protoss Ground Weapons Level 1  
  85  8:01  Probe  
  85  8:02  Twilight Council  
  86  8:07  Photon Cannon  
  86  8:10  Phoenix  
  86  8:12  Probe, Photon Cannon  
  89  8:22  Probe  
  90  8:33  Probe  
  90  8:35  Gateway x2, Phoenix  
  90  8:36  Gateway  
  90  8:41  Pylon x2  
  93  8:42  Colossus (Chrono Boost)  
  93  8:43  Probe  
  100  8:52  Probe  
  101  8:57  Photon Cannon  
  101  9:00  Photon Cannon  
  101  9:02  Probe  
  101  9:03  Photon Cannon  
  101  9:05  Photon Cannon  
  102  9:12  Colossus (Chrono Boost)  
  102  9:13  Probe  
  109  9:21  Photon Cannon  
  109  9:22  Photon Cannon  
  109  9:23  Probe  
  109  9:25  Gateway  
  109  9:26  Gateway  
  109  9:27  Gateway  
  109  9:28  Gateway  
  116  9:31  Colossus (Chrono Boost)  
  116  9:34  Probe  
  117  9:38  Assimilator  
  117  9:43  Assimilator  
  117  9:52  Probe  
  117  9:58  Colossus (Chrono Boost)  
  124  10:02  Charge  
  124  10:03  Probe  
  125  10:13  Probe  
  126  10:24  Probe  
  127  10:34  Probe  
  125  10:37  Probe x2  
  128  10:44  Observer (Chrono Boost)  
  128  10:45  Observer (Chrono Boost)  
  128  10:49  Probe x2  
  132  11:01  Probe  
  132  11:03  Immortal (Chrono Boost)  
  137  11:10  Nexus  
  137  11:14  Disruptor (Chrono Boost)  
  140  11:18  Nexus  
  140  11:21  Protoss Ground Weapons Level 2 (Chrono Boost)  
  140  11:24  Forge  
  140  11:26  Pylon x3  
  140  11:29  Assimilator  
  140  11:34  Assimilator, Pylon  
  140  11:38  Pylon  
  140  11:41  Pylon  
  140  11:45  Probe  
  140  11:46  Assimilator  
  141  11:47  Pylon  
  141  11:48  Assimilator  
  141  11:52  Pylon  
  141  11:53  Pylon  
  141  12:00  Protoss Ground Armor Level 1 (Chrono Boost)  
  141  12:05  Colossus x2  
  153  12:08  Dark Shrine  
  153  12:19  Photon Cannon  
  153  12:22  Photon Cannon  
  153  12:24  Photon Cannon  
  153  12:25  Photon Cannon  
  153  12:34  Photon Cannon  
  153  12:36  Photon Cannon  
  153  12:40  Photon Cannon  
  150  12:48  Probe  
  150  12:49  Probe  
  150  12:50  Probe x2  
  154  12:54  Photon Cannon  
  154  12:59  Probe x2  
  154  13:02  Probe  
  154  13:04  Nexus  
  157  13:06  Pylon  
  157  13:07  Pylon  
  145  13:26  Protoss Shields Level 2 (Chrono Boost)  
  139  13:39  Dark Templar x3  
  139  13:40  Dark Templar x4  
  139  13:41  Dark Templar  
  153  14:13  Dark Templar x3  
  153  14:14  Dark Templar x3  
  153  14:15  Dark Templar x2  
  169  14:23  Protoss Ground Weapons Level 3 (Chrono Boost)  
  169  14:37  Photon Cannon  
  169  14:38  Photon Cannon  
  169  14:40  Photon Cannon  
  169  14:42  Photon Cannon  
  169  14:46  Colossus x2  
  169  14:47  Photon Cannon  
  169  14:50  Photon Cannon  
  169  14:52  Archon x3  
  181  14:53  Archon x4  
  181  14:54  Archon, Assimilator  
  181  14:59  Assimilator  
  181  15:23  Stargate x2  
  181  15:24  Protoss Ground Armor Level 2 (Chrono Boost)  
  181  15:25  Stargate  
  181  15:28  Photon Cannon  
  181  15:29  Photon Cannon  
  181  15:30  Protoss Air Armor Level 1, Photon Cannon  
  181  15:43  Dark Templar x5  
  181  15:44  Dark Templar x3  
  183  16:19  Pylon x2  
  183  16:20  Archon x2  
  183  16:21  Archon x2, Pylon  
  183  16:36  Nexus  
  183  16:37  Fleet Beacon, Pylon  
  183  16:40  Stargate  
  183  16:41  Pylon  
  183  16:45  Stargate  
Tags
 
Add a new tag
Caveats
  • Supply blocks, unpowered buildings, or Contaminate may cause inaccurate times.
  • Supply counts are checked every 10 seconds.